 Dungeon Crawl Stone Soup version 0.18-a0-1303-g41c131c (webtiles) character file.

407 Baz the Insei (level 6, 0/56 HPs)
             Began as a Draconian Monk on Feb 12, 2016.
             Slain by a sky beast (1 damage)
             ... on level 5 of the Dungeon.
             The game lasted 00:08:09 (3379 turns).

Baz the Insei (Draconian Monk)                      Turns: 3379, Time: 00:08:10

Health: 0/56       AC: 11    Str: 19    XL:     6   Next: 57%
Magic:  6/6        EV: 21    Int: 11    God:
Gold:   179        SH:  0    Dex: 19    Spells: 0 memorised, 5 levels left

rFire  . . .     SeeInvis .       - Unarmed
rCold  . . .     Gourm    .     (armour unavailable)
rNeg   . . .     Faith    .     (no shield)
rPois  .         Spirit   .     (helmet restricted)
rElec  .         Dismiss  .     (no cloak)
rCorr  .         Reflect  .     e - +1 pair of gloves
SustAt .         Harm     .     m - +2 pair of boots
MR     .....                    (no amulet)
Stlth  +++.......               (no ring)
                                (no ring)

@: mighty, agile, not resistant to hostile enchantments, fairly stealthy
A: unfitting armour, cold-blooded, AC +6
a: no special abilities


You were on level 5 of the Dungeon.
You were not hungry.

You visited 1 branch of the dungeon, and saw 5 of its levels.

You collected 179 gold pieces.

Inventory:

Armour
 e - a +1 pair of gloves (worn)
 m - a +2 pair of boots (worn)
Jewellery
 k - an uncursed amulet of the gourmand {unknown}
 n - an uncursed ring of magical power {unknown}
Wands
 o - a wand of flame (26/48)
 s - a wand of digging (15/24)
Scrolls
 c - a scroll of recharging {unknown}
 g - 4 scrolls of amnesia {unknown}
 i - a scroll of fear {unknown}
 j - a scroll of remove curse {unknown}
 l - a scroll of fog {unknown}
 q - 3 scrolls of enchant armour {unknown}
 t - a scroll of identify {unknown}
 u - a scroll of random uselessness {unknown}
 v - 2 scrolls of teleportation {unknown}
Potions
 p - a potion of might
 w - a potion of lignification {unknown}
 z - a potion of degeneration {unknown}
Comestibles
 a - 3 bread rations
 f - 3 slices of pizza
 h - 2 meat rations
 x - a beef jerky


   Skills:
 + Level 5.1 Fighting
 * Level 5.1 Dodging
 - Level 1.7 Stealth
 + Level 5.2 Unarmed Combat


You had 5 spell levels left.
You didn't know any spells.

Dungeon Overview and Level Annotations

Branches:
Dungeon (5/15)
 Temple: D:4-7

Altars:
Fedhas
Vehumet
The Shining One

Shops:
D:4 ?

Annotations:
D:2 Sigmund
D:3 Jano's ghost, amateur FoFi
D:4 exclusions: orc, 2 orc priests and orc wizard, Menkaure


Innate Abilities, Weirdness & Mutations

Your plain brown scales are hard (AC +6).
Your body does not fit into most forms of armour.
You are cold-blooded and may be slowed by cold attacks.


Message History

The orc wizard barely misses you.
You hit the orc wizard. You tail-slap the orc wizard.
You kill the orc wizard!
The orc priest mumbles some strange prayers to Beogh against you.
Pain shoots through your body!
* * * LOW HITPOINT WARNING * * *
The orc throws a tomahawk.
The tomahawk hits you but does no damage.
Drink which item? (? for menu, Esc to quit)
You feel agile all of a sudden.
You closely miss the sky beast.
The sky beast flickers out of sight!
Deactivating autopickup; reactivate with Ctrl-A.
Something hits you but does no damage.
The orc priest mumbles some strange prayers to Beogh against you.
Something smites you!
* * * LOW HITPOINT WARNING * * *
You barely miss something. Something closely misses you.
The orc throws a tomahawk.
You punch something!
Your tail-slap misses something.
Something hits you.
You die... #.# #.# #. #.# #.# #. #.# #.# #. # # #.# #.# #. #.#.#.# #. .#.#.## #.####. . oo.

........ #.#{#
##.####. #.#@#######
#. #..)....... ####+
###.####### #.... #.#
#.... #.###.##########
#....
#>.............######.
#####.................
#######...####.#######
.................


You could see an orc priest and an orc.

Vanquished Creatures
  An ice beast (D:4)
  A scorpion (D:4)
  An orc priest (D:4)
  2 iguanas
  3 orc wizards
  3 adders
  An ooze (D:4)
  4 worms
  A giant gecko (D:4)
  6 orcs
  3 giant cockroaches
  8 goblins
  6 hobgoblins
  3 jackals (D:3)
  5 kobolds
  3 quokkas
  2 ball pythons (D:3)
  4 bats
  3 giant newts
  A jackal skeleton (D:5)
  2 rats (D:1)
63 creatures vanquished.

Notes
Turn   | Place    | Note
--------------------------------------------------------------
     0 | D:1      | Baz the Draconian Monk began the quest for the Orb.
     0 | D:1      | Reached XP level 1. HP: 19/19 MP: 1/1
    89 | D:1      | Reached XP level 2. HP: 17/26 MP: 2/2
   842 | D:2      | Reached XP level 3. HP: 30/33 MP: 3/3
   923 | D:2      | Found a blossoming altar of Fedhas.
  1234 | D:2      | Noticed Sigmund
  1588 | D:3      | Found a glowing golden altar of the Shining One.
  1746 | D:3      | Found a radiant altar of Vehumet.
  1829 | D:3      | Noticed Jano's ghost (amateur FoFi)
  1910 | D:4      | Reached XP level 4. HP: 25/40 MP: 4/4
  2306 | D:4      | Reached XP level 5. HP: 22/47 MP: 5/5
  2563 | D:4      | Noticed Menkaure
  2647 | D:4      | Found Ogheefepp's Magic Scroll Emporium.
  3265 | D:5      | Entered Level 5 of the Dungeon
  3267 | D:5      | Noticed an ice beast
  3288 | D:4      | Killed an ice beast
  3288 | D:4      | Reached skill level 5 in Unarmed Combat
  3288 | D:4      | Reached XP level 6. HP: 17/55 MP: 6/6
  3327 | D:5      | Reached skill level 5 in Fighting
  3369 | D:5      | Reached skill level 5 in Dodging
  3370 | D:5      | Noticed a sky beast
  3377 | D:5      | HP: 1/56 [orc priest/divine providence (11)]
  3379 | D:5      | Slain by a sky beast

Vault maps used:
D:1:      dpeg_arrival_short_road, serial_glass, glass_columns_b,
          glass_columns_a, glass_columns_a, glass_columns_b, glass_columns_b,
          glass_columns_a, glass_columns_c, glass_columns_a
D:2:      grunt_temple_overflow_diamond, fedhas_altar_3, lemuel_round_altar,
          uniq_sigmund
D:3:      vehumet_altar_wand_db, lemuel_coloured_pillars_altar
D:4:      serial_shops, shop, uniq_menkaure
D:5:      first_bread, enter_ossuary_2

Action                   |  1- 3 |  4- 6 || total
-------------------------+-------+-------++-------
Melee: Unarmed           |   151 |   118 ||   269
  Use: Potion            |       |     7 ||     7
 Stab: Sleeping          |     4 |     2 ||     6
  Eat: Chunk             |     2 |     6 ||     8
